 Dungeon Crawl Stone Soup version 0.17.1-2-g5865329 (webtiles) character file.

116 RedPan the Conjurer (level 4, -2/33 HPs)
             Began as a Draconian Conjurer on Jan 22, 2016.
             Slain by a worker ant (5 damage)
             ... on level 4 of the Dungeon.
             The game lasted 00:09:24 (3025 turns).

RedPan the Conjurer (Draconian Conjurer)            Turns: 3025, Time: 00:09:24

Health: -2/33      AC:  5    Str: 10    XL:     4   Next: 70%
Magic:  2/9        EV: 11    Int: 16    God:
Gold:   174        SH:  3    Dex: 12    Spells: 1 memorised, 9 levels left

rFire  . . .     SeeInvis .     k - +0 whip
rCold  . . .     Clarity  .     (armour unavailable)
rNeg   . . .     SustAt   .     m - +0 buckler
rPois  .         Gourm    .     (helmet restricted)
rElec  .         Spirit   .     (no cloak)
rCorr  +         Warding  .     (no gloves)
rMut   .         Stasis   .     (no boots)
MR     .....                    e - amulet of resist corrosion
Stlth  ++........               (no ring)
                                i - +6 ring of slaying

@: lethally poisoned (-2 -> -14), not resistant to hostile enchantments,
unstealthy
A: unfitting armour, cold-blooded, AC +5
a: no special abilities


You were on level 4 of the Dungeon.
You were not hungry.

You visited 1 branch of the dungeon, and saw 4 of its levels.

You collected 174 gold pieces.

Inventory:

Hand Weapons
 c - a +0 hand axe
 k - a +0 whip (weapon)
 n - a +2 long sword of distortion
Armour
 m - a +0 buckler (worn)
Jewellery
 e - an amulet of resist corrosion (around neck)
 i - a +6 ring of slaying (left hand)
Scrolls
 d - 3 scrolls of remove curse
 j - 4 scrolls of identify
 l - 2 scrolls of teleportation {unknown}
 r - a scroll of enchant armour {unknown}
Potions
 g - 2 potions of might {unknown}
 o - a potion of degeneration {unknown}
 q - 2 potions of curing {unknown}
 s - a potion of haste {unknown}
Books
 a - a book of Conjurations

   Spells                             Type                      Level
   a - Magic Dart                     Conjuration                  1
   b - Searing Ray                    Conjuration                  2
   c - Dazzling Spray                 Conjuration/Hexes            3
   d - Fulminant Prism                Conjuration/Hexes            4
   e - Iskenderun's Mystic Blast      Conjuration                  4
   f - Iskenderun's Battlesphere      Conjuration/Charms           5
Comestibles
 b - a bread ration
 f - a fruit
 h - 3 beef jerkies
 p - 3 chunks of flesh


   Skills:
 - Level 1.7 Dodging
 - Level 1.7 Stealth
 + Level 3.5 Spellcasting
 + Level 5.1 Conjurations


You had 9 spell levels left.
You knew the following spells:

 Your Spells              Type           Power        Failure   Level  Hunger
a - Magic Dart            Conj           ###.         3%          1    None


Dungeon Overview and Level Annotations

Branches:
Dungeon (4/15)
 Temple: D:4-7

Altars:
Trog

Annotations:
D:3 Beholder179's ghost, amateur HuWn


Innate Abilities, Weirdness & Mutations

Your plain brown scales are hard (AC +5).
Your body does not fit into most forms of armour.
You are cold-blooded and may be slowed by cold attacks.


Message History

You feel sick. The worker ant bites you.
Casting: Magic Dart
Confirm with . or Enter, or press ? or * to list all spells.
Aiming: Magic Dart
Press: ? - help, Shift-Dir - straight line, f/p - worker ant
Aim: a worker ant (heavily wounded)
The magic dart hits the worker ant.
The worker ant is severely wounded.
You feel sick. You block the worker ant's attack.
Casting: Magic Dart
Confirm with . or Enter, or press ? or * to list all spells.
Aiming: Magic Dart
Press: ? - help, Shift-Dir - straight line, f/p - worker ant
Aim: a worker ant (severely wounded)
The magic dart hits the worker ant.
The worker ant is severely wounded.
You feel sick. The worker ant bites you!
* * * LOW HITPOINT WARNING * * *
The worker ant bites you.
You die...

### ..# #.########
#######......[..
.......#.........
..................
....###...@a......
.....##..###.#####
#....##..###.#
#.##.##......####
#.##.##..........#
##.##.##..........#
#..<..##..........
#..##...........#
#...#.##........#


You could see a worker ant.

Vanquished Creatures
  3 adders (D:2)
  An ooze (D:1)
  2 worms (D:2)
  3 giant geckos (D:2)
  An orc (D:3)
  13 bats
  4 giant cockroaches
  10 hobgoblins
  A quokka (D:2)
  3 ball pythons
  3 giant newts (D:2)
  8 goblins
  6 jackals (D:1)
  7 kobolds
  7 rats
72 creatures vanquished.

Notes
Turn   | Place    | Note
--------------------------------------------------------------
     0 | D:1      | RedPan the Draconian Conjurer began the quest for the Orb.
     0 | D:1      | Reached XP level 1. HP: 14/14 MP: 3/3
   343 | D:1      | Reached XP level 2. HP: 18/20 MP: 5/5
   804 | D:1      | Reached XP level 3. HP: 20/26 MP: 7/7
  1655 | D:2      | Reached XP level 4. HP: 33/33 MP: 8/8
  1694 | D:2      | Reached skill level 5 in Conjurations
  2363 | D:3      | Found a faded altar to an unknown god.
  2469 | D:3      | Found a bloodstained altar of Trog.
  2475 | D:3      | Noticed Beholder179's ghost (amateur HuWn)
  3025 | D:4      | Slain by a worker ant

Action                   |  1- 3 |  4- 6 || total
-------------------------+-------+-------++-------
Melee: Hand axe          |   103 |       ||   103
       Unarmed           |     2 |       ||     2
       Whip              |     1 |   108 ||   109
 Cast: Magic Dart        |    32 |    18 ||    50
  Use: Scroll            |     1 |     3 ||     4
 Stab: Sleeping          |     2 |     1 ||     3
  Eat: Chunk             |     2 |     5 ||     7
